 Dungeon Crawl Stone Soup version 0.21.0 (console) character file.

61786 nht the Severer (level 14, 0/129 HPs)
             Began as a Minotaur Berserker on Jan 7, 2018.
             Was the Champion of Trog.
             Slain by an orc warrior
             ... wielding a +0 glaive
             ... led by an orc knight
              (18 damage)
             ... on level 2 of the Orcish Mines.
             The game lasted 00:32:34 (16535 turns).

nht the Severer (Minotaur Berserker)               Turns: 16535, Time: 00:32:36

Health: 0/129      AC: 17    Str: 28    XL:     14   Next: 61%
Magic:  17/17      EV: 14    Int:  6    God:    Trog [******]
Gold:   1326       SH:  0    Dex: 12    Spells: 13/13 levels left

rFire    + . .     SeeInvis +   a - +9 battleaxe {freeze, rN+ Str+3}
rCold    . . .     Gourm    .   (shield currently unavailable)
rNeg     + . .     Faith    .   q - +3 leather armour {rPois}
rPois    +         Spirit   .   K - +3 crown of Dyrovepreva {rElec Int+2 SInv}
rElec    +         Reflect  .   S - +2 cloak {rPois}
rCorr    +         Harm     .   f - +1 pair of gloves
MR       +++..                  U - +0 pair of boots
Stlth    +.........             m - amulet of regeneration
HPRegen  1.71/turn              M - ring of resist corrosion
MPRegen  0.15/turn              k - ring of protection from fire

@: berserk cooldown, regenerating, slowed, drained, very slow
A: retaliatory headbutt, horns 2
a: Berserk, Trog's Hand, Brothers in Arms, Burn Spellbooks, Renounce Religion


You were on level 2 of the Orcish Mines.
You worshipped Trog.
Trog was exalted by your worship.
You were very hungry.

You visited 3 branches of the dungeon, and saw 20 of its levels.
You also visited: Sewer.

You collected 1800 gold pieces.
You spent 474 gold pieces at shops.

Inventory:

Hand Weapons
 a - the +9 battleaxe "Yfuan" (weapon) {freeze, rN+ Str+3}
   (Trog gifted it to you on level 12 of the Dungeon)

   It has been specially enchanted to freeze those struck by it, causing extra
   injury to most foes and up to half again as much damage against particularly
   susceptible opponents.
   It can also slow down cold-blooded creatures.
   It affects your strength (+3).
   It protects you from negative energy.
 C - a +6 antimagic battleaxe
Missiles
 g - 79 poisoned needles
 w - 3 steel tomahawks
 y - 34 tomahawks (quivered)
 E - 3 throwing nets
 Q - 6 needles of sleeping
Armour
 f - a +1 pair of gloves (worn)
 q - a +3 leather armour of poison resistance (worn)
 K - the +3 crown of Dyrovepreva (worn) {rElec Int+2 SInv}
   (You acquired it on level 4 of the Lair of Beasts)

   It affects your intelligence (+2).
   It insulates you from electricity.
   It lets you see invisible.
 S - a +2 cloak of poison resistance (worn)
 U - a +0 pair of boots (worn)
Jewellery
 k - a ring of protection from fire (right hand)
 m - an amulet of regeneration (around neck)
 L - an uncursed ring of protection from cold
 M - a ring of resist corrosion (left hand)
 V - an uncursed ring of poison resistance
Wands
 b - a wand of digging (15)
 x - a wand of iceblast (20)
 B - a wand of paralysis (1)
 H - a wand of acid (14)
 J - a wand of clouds (3)
 P - a wand of enslavement (8)
 T - a wand of scattershot (5)
 X - a wand of random effects (18)
 Y - a wand of flame (16)
Scrolls
 e - 9 scrolls of teleportation
 h - 4 scrolls of enchant armour
 o - 4 scrolls of fog
 s - 9 scrolls of remove curse
 D - 3 scrolls of immolation
 F - 9 scrolls of identify
 I - 2 scrolls of blinking
 N - 2 scrolls of enchant weapon
 W - a scroll of holy word
Potions
 d - 6 potions of curing
 j - 2 potions of ambrosia
 l - 2 potions of invisibility
 n - 6 potions of might
 r - 3 potions of flight
 t - 4 potions of haste
 u - 9 potions of lignification
 z - a potion of resistance
 A - 3 potions of agility
 O - 2 potions of mutation
 R - 2 potions of berserk rage
Miscellaneous
 p - a phial of floods
 G - 2 sacks of spiders
Comestibles
 c - 43 rations
 Z - 21 chunks of flesh


   Skills:
 - Level 13.4(12.6) Fighting
 - Level 20.0(19.1) Axes
 + Level 10.5(9.8) Throwing
 - Level 9.3(8.5) Armour
 - Level 6.0(5.3) Dodging
 - Level 5.8(5.1) Evocations


You had 13 spell levels left.
You didn't know any spells.

Dungeon Overview and Level Annotations

Branches:
Dungeon (12/15)            Temple (0/1) D:6            Lair (6/6) D:11
 Shoals (0/4) Lair:2        Snake (0/4) Lair:3        Slime (0/5) Lair:5
    Orc (2/2) D:11            Elf (0/3) Orc:2

Altars:
Ashenzari
Cheibriados
Dithmenos
Elyvilon
Fedhas
Hepliaklqana
Kikubaaqudgha
Makhleb
Nemelex Xobeh
Okawaru
Ru
Trog
Wu Jian
Xom
Zin
Beogh
Jiyva

Shops:
D:5 %   D:9 =   D:12 :   Orc:2 *

Annotations:
Lair:1 exclusion: 3 oklob plants
Lair:5 1 runed door
Orc:2 Blork the orc


Innate Abilities, Weirdness & Mutations

You reflexively headbutt those who attack you in melee.
You have a pair of horns on your head.


Message History

The tomahawk misses you.
The orc warrior hits you from afar with a glaive!!
* * * LOW HITPOINT WARNING * * *
You feel much better. The orc knight closely misses you.
The orc warrior barely misses you.
Evoke which item? (* to show all) (? for menu, Esc to quit)
Aiming: Cloud Cone
Press: ? - help, Dir - move target cursor, f - orc knight
Aim: an orc knight, wielding a great mace of draining and wearing a plate armour (severely wounded)
You create a blast of freezing vapour!
The orc warrior is engulfed in freezing vapours.
The orc warrior hits you but does no damage.
The orc knight is engulfed in freezing vapours.
The orc knight hits you with a great mace of draining!
* * * LOW HITPOINT WARNING * * *
You partially resist.
You feel drained.
* * * LOW HITPOINT WARNING * * *
The orc warrior is engulfed in freezing vapours.
The orc warrior hits you from afar with a glaive!!
You die...

█... ██.. .. ██
█.....█ ███ ..█
██.......... █
.█.██...........
██ █
................
██.██
.█.█...§§.....█
█....██
......§█§.....█
██.....
.....█§§§o.█
█......
█..§§o███ █..█..
██...o@)██ █....
█...().(█
█..█.∩.█
██..(.)██
█....... ██...██
█.....█.. ██.██
█...██.██. ███
█.. ██ █. .█ █.
██


You could see an orc knight and 2 orc warriors.

Vanquished Creatures
  Saint Roka (Orc:2)
  Gastronok (D:10)
  7 dire elephants
  Josephine (Lair:6)
  Erolcha (D:11)
  7 hydras
  An anaconda (Lair:6)
  Erica (Lair:1)
  2 two-headed ogres (D:8)
  An orc high priest (Orc:2)
  Nergalle (D:11)
  An unseen horror (D:11)
  2 orc knights (Orc:2)
  2 oklob plants (Lair:4)
  19 elephants
  3 ugly things
  4 black mambas
  6 spiny frogs
  A gargoyle (D:11)
  6 komodo dragons
  A kobold demonologist (D:12)
  2 rime drakes
  3 trolls
  2 polar bears
  Grinder (D:4)
  4 hippogriffs
  2 spriggans
  2 wyverns
  4 wraiths
  37 yaks
  A vampire (D:11)
  Grum (Lair:1)
  A basilisk (D:12)
  3 hungry ghosts
  4 vampire mosquitoes (D:12)
  8 wargs
  4 nagas (Lair:3)
  9 water moccasins
  8 porcupines
  Duvessa (D:4)
  An eye of draining (D:9)
  10 sky beasts
  23 orc warriors
  2 ice beasts
  6 black bears
  A necrophage (D:7)
  8 ogres
  8 wolves
  A centaur (D:12)
  11 crocodiles
  8 big kobolds
  A gnoll sergeant (D:8)
  14 bullfrogs
  2 wyvern skeletons
  3 scorpions
  Dowan (D:4)
  9 killer bees
  5 wights (D:12)
  4 electric eels (D:10)
  2 howler monkeys (D:7)
  A lava snake (Lair:3)
  2 crimson imps
  7 jellies
  A bullfrog zombie (D:12)
  7 hounds
  3 centaur zombies
  5 bullfrog skeletons
  16 orc priests
  A gnoll shaman (D:6)
  15 orc wizards
  2 centaur skeletons
  Natasha (D:4)
  2 iguanas
  8 worker ants
  3 killer bee zombies
  2 human simulacra (D:11)
  3 hound skeletons
  A worker ant zombie (D:9)
  21 gnolls
  A howler monkey skeleton (D:5)
  16 adders
  2 river rats (Sewer)
  3 shadow imps
  5 oozes
  3 adder skeletons
  8 worms
  6 leopard geckos
  74 orcs
  9 bats
  10 giant cockroaches
  13 goblins
  14 hobgoblins
  9 jackals
  5 quokkas
  7 ball pythons
  7 frilled lizards
  35 kobolds
  11 rats
  3 fungi (Lair:3)
  3 plants
631 creatures vanquished.

Vanquished Creatures (others)
  51 fungi
  22 plants
73 creatures vanquished.

Grand Total: 704 creatures vanquished

Notes
Turn   | Place    | Note
-------+----------+-------------------------------------------
     0 | D:1      | nht the Minotaur Berserker began the quest for the Orb.
     0 | D:1      | Reached XP level 1. HP: 19/19 MP: 0/0
    68 | D:1      | Reached skill level 4 in Axes
   109 | D:1      | Reached XP level 2. HP: 6/26 MP: 1/1
   724 | D:2      | Found a faded altar of an unknown god.
   761 | D:2      | Reached skill level 5 in Axes
   766 | D:2      | Reached XP level 3. HP: 24/31 MP: 2/2
   946 | D:2      | Reached skill level 6 in Axes
   946 | D:2      | Reached XP level 4. HP: 39/39 MP: 3/3
   991 | D:2      | Found a transporter.
   994 | D:2      | Reached ** piety under Trog
  1000 | D:2      | Found a transporter.
  1002 | D:2      | Noticed a crocodile
  1004 | D:2      | Found a white marble altar of Elyvilon.
  1004 | D:2      | Noticed a bullfrog
  1541 | D:2      | Reached skill level 7 in Axes
  1541 | D:2      | Reached XP level 5. HP: 42/45 MP: 4/4
  1547 | D:2      | Found an ornate altar of the Wu Jian Council.
  1740 | D:2      | Killed a crocodile
  1740 | D:2      | Reached skill level 8 in Axes
  1740 | D:2      | Reached XP level 6. HP: 24/51 MP: 5/5
  1919 | D:3      | Found a sacrificial altar of Ru.
  2269 | D:3      | Found a hazy altar of Hepliaklqana.
  2374 | D:4      | Reached *** piety under Trog
  2442 | D:4      | Found a sparkling altar of Nemelex Xobeh.
  2501 | D:4      | Noticed Dowan
  2503 | D:4      | Noticed Duvessa
  2508 | D:4      | Killed Dowan
  2508 | D:4      | Reached skill level 9 in Axes
  2514 | D:4      | Killed Duvessa
  2514 | D:4      | Reached XP level 7. HP: 50/57 MP: 6/6
  2577 | D:4      | Found a glowing drain.
  2586 | Sewer    | Entered a sewer
  2750 | Sewer    | Reached skill level 10 in Axes
  3029 | Sewer    | Reached skill level 11 in Axes
  3054 | Sewer    | Reached **** piety under Trog
  3343 | D:3      | Found a snail-covered altar of Cheibriados.
  3364 | D:3      | Reached XP level 8. HP: 64/64 MP: 7/7
  3524 | D:4      | Noticed Natasha
  3528 | D:4      | Killed Natasha
  3606 | D:4      | Noticed Grinder
  3615 | D:4      | Killed Grinder
  3615 | D:4      | Reached skill level 12 in Axes
  3840 | D:4      | Found a burning altar of Makhleb.
  4016 | D:5      | Entered Level 5 of the Dungeon
  4274 | D:5      | Found Xarahet's Food Shop.
  4289 | D:5      | Reached skill level 13 in Axes
  4383 | D:5      | Got a crystal short sword
  4482 | D:5      | Got a fine war axe
  4483 | D:5      | Identified the +7 war axe of Lyismet {freeze, rC++ MR- Int+7} (You found it on level 5 of the Dungeon)
  4580 | D:5      | Reached ***** piety under Trog
  4799 | D:5      | Found an iron altar of Okawaru.
  4817 | D:5      | Found a shattered altar of Ashenzari.
  5079 | D:6      | Found a shattered altar of Ashenzari.
  5186 | D:6      | Found a shimmering altar of Xom.
  5186 | D:6      | Found an ancient bone altar of Kikubaaqudgha.
  5187 | D:6      | Found a shadowy altar of Dithmenos.
  5223 | D:6      | Found a blossoming altar of Fedhas.
  5225 | D:6      | Reached XP level 9. HP: 52/71 MP: 8/8
  5292 | D:6      | Found a glowing silver altar of Zin.
  5502 | D:6      | Reached skill level 5 in Fighting
  5758 | D:6      | Found a staircase to the Ecumenical Temple.
  5788 | D:7      | Reached skill level 14 in Axes
  5991 | D:6      | Received a gift from Trog
  6229 | D:7      | Reached skill level 15 in Axes
  6309 | D:8      | Noticed a two-headed ogre
  6315 | D:8      | Killed a two-headed ogre
  6315 | D:8      | Reached XP level 10. HP: 76/90 MP: 9/9
  6526 | D:8      | Found a bloodstained altar of Trog.
  6945 | D:8      | Noticed a two-headed ogre
  6951 | D:8      | Killed a two-headed ogre
  6951 | D:8      | Reached skill level 10 in Fighting
  7088 | D:9      | Reached skill level 16 in Axes
  7151 | D:9      | Found Hedih's Jewellery Shop.
  7542 | D:9      | Reached XP level 11. HP: 71/102 MP: 10/10
  7606 | D:9      | Found a shadowy altar of Dithmenos.
  7824 | D:9      | Bought an uncursed amulet of regeneration for 390 gold pieces
  7840 | D:10     | Entered Level 10 of the Dungeon
  7877 | D:10     | Noticed Gastronok
  7889 | D:10     | Killed Gastronok
  7889 | D:10     | Reached skill level 5 in Armour
  8005 | D:10     | Received a gift from Trog
  8951 | D:11     | Killed an unseen horror
  9096 | D:11     | Noticed Nergalle
  9101 | D:11     | Killed Nergalle
  9246 | D:11     | Found a roughly hewn altar of Beogh.
  9246 | D:11     | Found a staircase to the Orcish Mines.
  9296 | D:11     | Received a gift from Trog
  9297 | D:11     | Got a dazzling great mace {god gift}
  9309 | D:11     | Identified the +4 great mace "Lawucie" {venom, Str+3 Dex+2} (Trog gifted it to you on level 11 of the Dungeon)
  9380 | D:11     | Noticed Erolcha
  9390 | D:11     | Killed Erolcha
  9466 | D:11     | Noticed a purple ugly thing
  9467 | D:11     | Found a staircase to the Lair.
  9474 | D:11     | Killed a purple ugly thing
  9483 | D:11     | Reached XP level 12. HP: 76/113 MP: 14/14
  9558 | D:11     | Noticed an eight-headed hydra
  9564 | D:11     | Killed an eight-headed hydra
  9571 | D:11     | Reached skill level 5 in Evocations
  9730 | D:11     | Reached skill level 5 in Dodging
 10092 | D:12     | Found Widecw's Book Shoppe.
 10279 | D:12     | Reached ****** piety under Trog
 10279 | D:12     | Received a gift from Trog
 10762 | Lair:1   | Entered Level 1 of the Lair of Beasts
 10864 | Lair:1   | Noticed Grum
 10874 | Lair:1   | Killed Grum
 10968 | D:12     | Got an ichor-stained battleaxe {god gift}
 10969 | D:12     | Identified the +9 battleaxe "Yfuan" {freeze, rN+ Str+3} (Trog gifted it to you on level 12 of the Dungeon)
 11078 | Lair:1   | Noticed a four-headed hydra
 11086 | Lair:1   | Killed an eight-headed hydra
 11151 | Lair:1   | Noticed Erica
 11164 | Lair:1   | Killed Erica
 11394 | Lair:1   | Reached skill level 17 in Axes
 11697 | Lair:2   | Noticed a six-headed hydra
 11702 | Lair:2   | Killed a seven-headed hydra
 11737 | Lair:2   | Noticed an eight-headed hydra
 11745 | Lair:2   | Killed an 11-headed hydra
 11786 | Lair:2   | Reached XP level 13. HP: 122/122 MP: 16/16
 12089 | Lair:2   | Found a staircase to the Shoals.
 12504 | Lair:3   | Reached skill level 18 in Axes
 12666 | Lair:3   | Found a staircase to the Snake Pit.
 12678 | Lair:3   | Received a gift from Trog
 13032 | Lair:3   | Reached skill level 19 in Axes
 13223 | Lair:3   | Noticed a dire elephant
 13233 | Lair:3   | Killed a dire elephant
 13743 | Lair:4   | Reached skill level 20 in Axes
 13751 | Lair:4   | Reached skill level 1 in Throwing
 13897 | Lair:4   | Identified 2 scrolls of acquirement
 13898 | Lair:4   | Found the +3 crown of Dyrovepreva {rElec Int+2 SInv}
 14203 | Lair:5   | Found a runed door.
 14204 | Lair:5   | Found a viscous altar of Jiyva.
 14204 | Lair:5   | Noticed an azure jelly
 14204 | Lair:5   | Noticed an azure jelly
 14206 | Lair:5   | Noticed an azure jelly
 14207 | Lair:5   | Found a staircase to the Slime Pits.
 14816 | Lair:6   | Entered Level 6 of the Lair of Beasts
 14981 | Lair:6   | Received a gift from Trog
 14981 | Lair:6   | Reached skill level 5 in Throwing
 15141 | Lair:6   | Noticed Josephine
 15143 | Lair:6   | Reached XP level 14. HP: 129/129 MP: 17/17
 15148 | Lair:6   | Killed Josephine
 15546 | Lair:6   | Got a scorched leather armour
 15557 | Lair:6   | Identified the +0 leather armour of the Twelve Blessings {rN+ MR- SInv} (You found it on level 6 of the Lair of Beasts)
 15907 | Orc:1    | Entered Level 1 of the Orcish Mines
 15907 | Orc:1    | Found a roughly hewn altar of Beogh.
 16339 | Orc:2    | Entered Level 2 of the Orcish Mines
 16351 | Orc:2    | Found Baufer's General Store.
 16367 | Orc:2    | Bought a scroll of fog for 24 gold pieces
 16367 | Orc:2    | Bought a scroll of fog for 24 gold pieces
 16367 | Orc:2    | Bought a scroll of teleportation for 36 gold pieces
 16393 | Orc:2    | Found a staircase to the Elven Halls.
 16475 | Orc:2    | Noticed Saint Roka
 16475 | Orc:2    | Noticed Blork the orc
 16502 | Orc:2    | Killed Saint Roka
 16502 | Orc:2    | Reached skill level 10 in Throwing
 16533 | Orc:2    | HP: 4/129 [orc warrior/glaive[an orc knight] (35)]
 16535 | Orc:2    | Slain by an orc warrior

Skill      XL: |  1  2  3  4  5  6  7  8  9 10 11 12 13 14 |
---------------+-------------------------------------------+-----
Axes           | 4 5 6 7 8 9 11 13 15 16 17 20 | 20.0
Fighting       | 4 8 11 12 13 | 13.4
Armour         | 4 8 9 |  9.3
Evocations     | 4 5 |  5.8
Dodging        | 4 6 |  6.0
Throwing       | 5 10 | 10.5

Action                   |  1- 3 |  4- 6 |  7- 9 | 10-12 | 13-15 || total
-------------------------+-------+-------+-------+-------+-------++-------
Melee: Hand axe          |    67 |   139 |   202 |       |       ||   408
       Headbutt          |    10 |    19 |    60 |   118 |    77 ||   284
       War axe           |       |       |   163 |   454 |       ||   617
       Battleaxe         |       |       |       |    48 |   330 ||   378
Invok: Berserk           |     1 |     3 |     2 |     3 |     2 ||    11
       Trog's Hand       |       |     1 |     1 |     3 |     2 ||     7
Evoke: Wand              |       |       |     1 |    16 |    24 ||    41
  Use: Scroll            |       |    12 |     4 |    10 |     7 ||    33
       Potion            |       |     4 |     5 |       |     2 ||    11
 Stab: Sleeping          |       |     1 |       |       |       ||     1
       Invisible         |       |     3 |       |       |       ||     3
       Paralysed         |       |       |     2 |    11 |     3 ||    16
       Confused          |       |       |       |     1 |       ||     1
  Eat: Chunk             |     7 |    12 |    31 |    16 |    16 ||    82
Armor: Animal skin       |    14 |    18 |       |       |       ||    32
       Leather armour    |       |    16 |    92 |   131 |    76 ||   315
Dodge: Dodged            |    45 |    95 |   142 |   225 |   170 ||   677
